 Dungeon Crawl Stone Soup version 0.24.0-13-gcf9b319 (webtiles) character file.

Game seed: 8789714001672127379, levelgen mode: deterministic

1112 Fang the Skirmisher (level 8, -4/76 HPs)
             Began as a Gargoyle Berserker on Nov 7, 2019.
             Was a Priest of Trog.
             Slain by an ogre
             ... wielding a +0 giant club
              (12 damage)
             ... on level 6 of the Dungeon on Nov 11, 2019.
             The game lasted 00:11:06 (6007 turns).

Fang the Skirmisher (Gargoyle Berserker)            Turns: 6007, Time: 00:11:07

Health: -4/76      AC: 18    Str: 28    XL:     8   Next: 33%
Magic:  8/8        EV: 10    Int:  6    God:    Trog [***...]
Gold:   392        SH:  2    Dex:  9    Spells: 7/7 levels left

rFire    . . .     SeeInvis .   a - +0 hand axe
rCold    . . .     Gourm    .   (no shield)
rNeg     + . .     Faith    .   b - +0 storm dragon scales
rPois    ∞         Spirit   .   (no helmet)
rElec    +         Reflect  +   (no cloak)
rCorr    .         Harm     .   (no gloves)
MR       .....                  (no boots)
Stlth    ..........             g - +2 amulet of reflection
HPRegen  0.22/turn              o - -2 ring of intelligence (curse)
MPRegen  0.11/turn              y - ring of flight

@: berserking, very quick
A: negative energy resistance 1, electricity resistance, unbreathing,
petrification resistance, rot immunity, AC +5
a: Berserk, Trog's Hand, Renounce Religion, Evoke Flight


You were on level 6 of the Dungeon.
You worshipped Trog.
Trog was most pleased with you.
You were hungry.

You visited 1 branch of the dungeon, and saw 6 of its levels.

You collected 392 gold pieces.

Inventory:

Hand Weapons
 a - a +0 hand axe (weapon)
Armour
 b - +0 storm dragon scales (worn)
Jewellery
 g - a +2 amulet of reflection (around neck)
 o - a cursed -2 ring of intelligence (left hand)
 r - an uncursed amulet of rage
 y - a ring of flight (right hand)
Wands
 p - a wand of random effects (9)
 v - a wand of flame (1)
 C - a wand of paralysis (7)
Scrolls
 e - 4 scrolls of fog {unknown}
 f - 6 scrolls of remove curse {unknown}
 j - a scroll of immolation {unknown}
 m - 2 scrolls of enchant weapon {unknown}
 n - 2 scrolls of teleportation {unknown}
 q - 6 scrolls of identify {unknown}
 w - a scroll of enchant armour {unknown}
Potions
 d - 2 potions of brilliance {unknown}
 h - a potion of haste {unknown}
 i - 3 potions of curing {unknown}
 k - 2 potions of might {unknown}
 l - 3 potions of ambrosia {unknown}
 s - a potion of magic {unknown}
 t - a potion of agility {unknown}
 u - 2 potions of mutation {unknown}
 x - a potion of flight {unknown}
 z - a potion of heal wounds {unknown}
 B - a potion of resistance {unknown}
Comestibles
 c - 8 rations
 A - 7 chunks of flesh


   Skills:
 + Level 6.2 Fighting
 + Level 5.1 Axes
 + Level 5.6 Armour
 + Level 4.2 Dodging


You had 7 spell levels left.
You didn't know any spells.
Your spell library was empty.

Dungeon Overview and Level Annotations

Branches:
Dungeon (6/15)             Temple (0/1) D:6

Altars:
Gozag


Innate Abilities, Weirdness & Mutations

You are resistant to torment.
Your stone body is resilient. (AC +5)
You are immune to poison.
You resist negative energy. (rN+)
You are resistant to electric shocks. (rElec)
You can survive without breathing.
You are immune to petrification.
You are immune to rotting.


Message History

You hit the howler monkey but do no damage.
The centaur skeleton closely misses you.
The howler monkey hits you but does no damage.
You slash the ogre!
The ogre is severely wounded.
You hit the centaur skeleton.
You destroy the centaur skeleton!
Trog accepts your kill.
You hit the howler monkey.
You kill the howler monkey!
Trog accepts your kill.
You hit the ogre.
The ogre is almost dead.
The ogre misses you.
A leopard gecko comes into view.
You barely miss the ogre.
The ogre is almost dead.
The leopard gecko hisses angrily.
The ogre hits you with a +0 giant club!
You die...

#.###'##### #....l.....
#.......$.. .... #..........
.... #.......... ...
#.......... #.###...O......
#..##..@†......
#....######..# #..#.##
#.....# ##.#.#.## ###
###.......######+##+####..
###...#.#.#................#
#...#.......#..............#
#.#...#.>.#...#............#


You could see an ogre and a leopard gecko.

Vanquished Creatures
  The ghost of G1itch the Chopper, an amateur MiMo (D:4)
  An ogre (D:4)
  A phantom (D:4)
  3 scorpions (D:4)
  A howler monkey (D:6)
  2 crimson imps (D:5)
  A centaur skeleton (D:6)
  2 orc priests
  A jelly (D:5)
  3 hounds
  Ijyb (D:4)
  An orc wizard (D:4)
  4 worker ants
  A hound skeleton (D:5)
  2 worker ant zombies
  3 adders
  4 gnolls (D:2)
  2 oozes
  An adder zombie (D:5)
  A dart slug (D:2)
  3 worms
  The ghost of Spectrina the Insei, a weakling TeTm (D:3)
  7 leopard geckos
  16 orcs
  A bat (D:1)
  11 giant cockroaches
  10 goblins
  6 hobgoblins
  7 jackals (D:5)
  3 quokkas
  4 frilled lizards
  A jackal skeleton (D:5)
  11 kobolds
  9 rats
126 creatures vanquished.

Notes
Turn   | Place    | Note
-------+----------+-------------------------------------------
     0 | D:1      | Fang the Gargoyle Berserker began the quest for the Orb.
     0 | D:1      | Reached XP level 1. HP: 14/14 MP: 1/1
    97 | D:1      | Reached XP level 2. HP: 18/19 MP: 2/2
   447 | D:1      | Reached XP level 3. HP: 23/23 MP: 3/3
   871 | D:2      | Reached ** piety under Trog
   873 | D:2      | HP: 1/24 [adder (3)]
  1160 | D:2      | Reached XP level 4. HP: 17/29 MP: 4/4
  1678 | D:2      | Reached skill level 4 in Fighting
  1920 | D:2      | Upgraded the game from 0.24.0-1-gfbc8707 to
                  | 0.24.0-13-gcf9b319
  2383 | D:2      | Reached XP level 5. HP: 24/33 MP: 5/5
  3052 | D:3      | Found a runed translucent door.
  3053 | D:3      | Noticed Spectrina's ghost (weakling TeTm)
  3413 | D:3      | Killed Spectrina's ghost
  3627 | D:4      | Noticed Ijyb
  3648 | D:4      | Killed Ijyb
  3839 | D:4      | Reached XP level 6. HP: 29/39 MP: 6/6
  3890 | D:4      | Noticed a phantom
  3913 | D:4      | Killed a phantom
  4143 | D:4      | Reached skill level 5 in Fighting
  4172 | D:4      | Reached XP level 7. HP: 39/44 MP: 7/7
  4327 | D:4      | Reached *** piety under Trog
  4593 | D:4      | Found a runed translucent gate.
  4594 | D:4      | Found a runed translucent gate.
  4594 | D:4      | Found an opulent altar of Gozag.
  4595 | D:4      | Found a runed translucent gate.
  4596 | D:4      | Noticed G1itch's ghost (amateur MiMo)
  4795 | D:4      | Killed G1itch's ghost
  4888 | D:5      | Entered Level 5 of the Dungeon
  4988 | D:5      | Reached skill level 5 in Armour
  5490 | D:5      | Reached XP level 8. HP: 51/51 MP: 8/8
  5772 | D:5      | Reached skill level 6 in Fighting
  5790 | D:5      | Reached skill level 5 in Axes
  5963 | D:6      | Found a staircase to the Ecumenical Temple.
  6007 | D:6      | Slain by an ogre

Levels and vault maps discovered:
D:1:      elethiomel_arrival_infinity_welcomes_careful_drivers, layout_basic,
          hangedman_decor_clover_reticule
D:2:      layout_loops_ring, hangedman_decor_points
D:3:      layout_loops_ring, gammafunk_ghost_grave
D:4:      layout_gridville, ebering_ghost_gozag, uniq_ijyb
D:5:      cheibrodos_barr_body, layout_basic, first_ration
D:6:      layout_basic, minmay_temple_entry_sparse_star,
          lightli_sewer_entry_pipes, trog_ov_bears_minmay

Skill      XL: |  1  2  3  4  5  6  7  8 |
---------------+-------------------------+-----
Dodging        | 2 3 4 |  4.2
Axes           | 3 4 5 |  5.1
Armour         | 3 4 5 |  5.6
Fighting       | 4 5 6 |  6.2

Action                   |  1- 3 |  4- 6 |  7- 9 || total
-------------------------+-------+-------+-------++-------
Melee: Hand axe          |    85 |   238 |   251 ||   574
Invok: Berserk           |     1 |     4 |     3 ||     8
 Stab: Sleeping          |     1 |       |       ||     1
  Eat: Chunk             |     2 |    10 |     9 ||    21
       Ration            |       |     1 |       ||     1
Armor: Animal skin       |    36 |    21 |       ||    57
       Chain mail        |       |    36 |       ||    36
       Storm dragon scal |       |    55 |   171 ||   226
Dodge: Dodged            |    71 |   111 |   122 ||   304
Block: Other             |       |    16 |    11 ||    27
       Reflection        |       |     1 |       ||     1
